[Event "Charlotte Summer IM D 2022"]
[Site "Charlotte"]
[Date "2022.07.27"]
[Round "6.4"]
[White "Martin Del Campo Cardenas, Roberto Abel"]
[Black "Levine, Joseph"]
[Result "0-1"]
[ECO "A08"]
[WhiteElo "2245"]
[BlackElo "2294"]
[Annotator "TA"]
[PlyCount "72"]
[EventDate "2022.07.24"]
[EventType "tourn"]
[EventCountry "USA"]
[SourceTitle "playchess.com"]
[Source "ChessBase"]
[SourceQuality "1"]
[TimeControl "5400+30"]

1. Nf3 d5 2. g3 Nf6 3. Bg2 g6 4. O-O Bg7 5. d3 O-O 6. c3 c5 7. a3 {[%emt 0:03:46] A08: King's Indian Attack.} a5 8. a4 Nc6 9. Na3 {[%emt 0:00:21] The position is equal.} h6 10. Qc2 {[%emt 0:04:01] [#]} Re8 $146 ({Predecessor:} 10... e5 11. e4 Be6 12. Nd2 Kh7 13. Re1 b6 14. Nb5 Rb8 15. Nf1 Rb7 16. f4 Re7 17. fxe5 Nxe5 {0-1 (49) Foisor,C (2371)-Lputian,S (2625) Porto San Giorgio 1999}) 11. e4 e6 (11... e5 $11) 12. Nb5 ({White should try} 12. e5 $16) 12... c4 (12... e5 $11) 13. exd5 exd5 14. Nfd4 Nxd4 15. Nxd4 Ng4 16. dxc4 dxc4 17. Rd1 Bxd4 18. cxd4 {[%emt 0:00:33] Black must now prevent h3.} Bf5 19. Qxc4 {[%emt 0:01:38] Strongly threatening h3.} Rc8 20. Qf1 Bc2 $1 (20... Rc2 21. Rd2 $16) 21. Rd2 ({Don't play} 21. Bxb7 Bxd1 22. Qxd1 (22. Bxc8 $2 Be2 $19) 22... Rc4 $1 23. Qxg4 Re1+ 24. Kg2 Rxd4 $17) 21... Bb3 ({Better is} 21... Qe7 $14) 22. Bxb7 $2 {[%emt 0:01:30][%mdl 8192] This costs White the game.} (22. h3 $16 Nf6 23. Re2 (23. Bxb7 Rc7 $16)) 22... Bc4 $1 $19 23. Qd1 Qe7 $1 24. Bxc8 {[%emt 0:07:39] [#]} Qe1+ $1 25. Qxe1 Rxe1+ 26. Kg2 {[%emt 0:00:02] [#]} Bf1+ $1 {[%emt 0:00:00][%mdl 64] Deflection} 27. Kf3 Nxh2+ 28. Kf4 g5+ 29. Kf5 Bh3+ {[%emt 0:00:00][%mdl 64] Skewer} 30. Kf6 Bxc8 31. f3 {[%emt 0:00:07] Inhibits Ng4+.} Re6+ 32. Kf5 Re8+ (32... Nxf3 $142 33. Rc2 Nxd4+ 34. Kg4 Nxc2 35. Bxg5 Re1+ 36. Kh5 Rxa1 37. Bxh6 Rh1+ 38. Kg5 Nd4 39. Bg7 Kxg7 40. Kf4 Ne6+ 41. Ke3 Bb7 42. Kd3 Bd5 43. Ke2 Rg1 44. Kf2 Rg2+ 45. Ke3 Rxg3+ 46. Kf2 Rg2+ 47. Ke3 Kf6 48. Kd3 Ke5 49. Kc3 Nd4 50. b4 Rc2+ 51. Kd3 Be4+ 52. Ke3 Nf5#) 33. Kf6 Nxf3 {[%emt 0:00:29] ( -> ...Re6+)} 34. d5 {[%emt 0:00:45] Against Re6+} Ne5 {[%emt 0:00:44][%cal Re5g4] Black mates.} 35. Rd4 Nd7+ 36. Kf5 Nf8+ {[%emt 0:00:05] Weighted Error Value: White=0.63/Black=0.17 (very precise)} 0-1

[Event "Charlotte Summer IM D 2022"]
[Site "Charlotte"]
[Date "2022.07.27"]
[Round "6.5"]
[White "Canty, James"]
[Black "Bisiriyu-Salam, Oluwaseun"]
[Result "1/2-1/2"]
[ECO "D00"]
[WhiteElo "2175"]
[BlackElo "1992"]
[Annotator "TA"]
[PlyCount "57"]
[EventDate "2022.07.24"]
[EventType "tourn"]
[EventCountry "USA"]
[SourceTitle "playchess.com"]
[Source "ChessBase"]
[SourceQuality "1"]
[TimeControl "5400+30"]

1. d4 Nf6 2. Nc3 d5 3. Bf4 a6 4. e3 Bf5 5. f3 h5 6. Bd3 {[%emt 0:01:34] D00: 1 d4 d5: Unusual lines.} Bxd3 7. Qxd3 {[%emt 0:00:07] [#]} Nc6 $146 ({Predecessor:} 7... e6 8. O-O-O c5 9. dxc5 Bxc5 10. e4 d4 11. Nce2 Nc6 12. Nh3 Rc8 13. a3 Nd7 {1-0 (72) Damjanovic,V (2393)-Rustemov,A (2525) Chess.com INT 2021}) 8. O-O-O {[%emt 0:01:40] The position is equal.} Qd7 9. e4 e6 10. Nge2 O-O-O 11. h3 Be7 12. Kb1 Na5 13. b3 Ba3 14. Ka1 Nc6 15. Nb1 $2 {[%emt 0:01:16] [#]} (15. Qe3 $11) 15... Be7 (15... dxe4 $17 16. Qe3 (16. fxe4 $2 Nb4 $19) 16... Nd5) 16. e5 Nh7 17. Bc1 Nf8 18. Bb2 Ng6 19. f4 h4 20. a3 Bf8 21. Nd2 Nce7 22. Rc1 Nf5 23. c3 Kb8 24. b4 (24. Ka2 $11) 24... Qa4 25. Rb1 Nge7 26. Bc1 Nc8 27. Rb3 Nb6 28. Ka2 Qb5 29. Qf3 {[%emt 0:01:47] Weighted Error Value: White=0.30/Black=0.14 (very precise)} 1/2-1/2

[Event "Charlotte Summer IM D 2022"]
[Site "Charlotte"]
[Date "2022.07.27"]
[Round "7.1"]
[White "Bisiriyu-Salam, Oluwaseun"]
[Black "Bacus, Dharim"]
[Result "1/2-1/2"]
[ECO "C50"]
[WhiteElo "1992"]
[BlackElo "2227"]
[Annotator "TA"]
[PlyCount "43"]
[EventDate "2022.07.24"]
[EventType "tourn"]
[EventCountry "USA"]
[SourceTitle "playchess.com"]
[Source "ChessBase"]
[SourceQuality "1"]
[TimeControl "5400+30"]

1. e4 e5 2. Nf3 Nc6 3. Bc4 Bc5 4. O-O d6 5. h3 Nf6 6. Nc3 O-O 7. d3 Na5 8. Bb3 h6 9. Be3 Nxb3 10. axb3 Bxe3 11. fxe3 Re8 {[%emt 0:00:30] C50: Hungarian Defence and Giuoco Pianissimo.} 12. Qe1 {[%emt 0:00:30] The position is equal.} d5 13. Nxd5 Nxd5 14. exd5 Qxd5 15. e4 Qc5+ {[%emt 0:00:30] [#] A rather calm draw.  Weighted Error Value: White=0.06 (flawless) /Black=0.20 (precise)} {Predecessor:} 16. Qf2 $146 Qxf2+ 17. Rxf2 Bd7 18. Ra5 f6 19. Nh4 b6 20. Ra1 a5 21. Nf5 Bxf5 22. Rxf5 {½-½ (48) Calvete Gimenez,J (1824)-Otazo Sanchez,A (1985) Caracas 2012} 1/2-1/2

[Event "Charlotte Summer IM D 2022"]
[Site "Charlotte"]
[Date "2022.07.28"]
[Round "7.2"]
[White "Levine, Joseph"]
[Black "Canty, James"]
[Result "1-0"]
[ECO "B90"]
[WhiteElo "2294"]
[BlackElo "2175"]
[Annotator "TA"]
[PlyCount "67"]
[EventDate "2022.07.24"]
[EventType "tourn"]
[EventCountry "USA"]
[SourceTitle "playchess.com"]
[Source "ChessBase"]
[SourceQuality "1"]
[TimeControl "5400+30"]

1. e4 c5 2. Nf3 d6 3. d4 cxd4 4. Nxd4 Nf6 5. Nc3 a6 6. Bd3 e5 7. Nde2 Be7 8. O-O O-O 9. Ng3 {[%emt 0:00:03] B90: Sicilian Najdorf: Unusual White 6th moves, 6 Be3 Ng4 and 6 Be3 e5.} Be6 10. Nd5 Bxd5 11. exd5 {[%emt 0:00:02] The position is equal.} g6 {[%emt 0:00:00] Against Nf5} 12. f4 exf4 13. Bxf4 Nbd7 14. c4 Ne5 15. Kh1 Nfd7 16. Qd2 f5 {[%emt 0:00:00] [#]} 17. b4 $146 ({Predecessor:} 17. Rae1 Bf6 18. b3 Qc7 19. Bb1 Nc5 20. Ne2 Rfe8 21. Nd4 Kh8 22. Qd1 a5 23. Re3 {1-0 (34) Dgebuadze,A (2465)-Holtel,J (2333) Wachtebeke 2022}) 17... Bf6 18. Rac1 b6 {[%emt 0:01:30] Against c5} 19. Bh6 (19. Bxf5 $11 gxf5 20. Nxf5) 19... Re8 20. Bxf5 gxf5 21. Rxf5 Qe7 22. Nh5 Bh8 (22... Kh8 23. Rcf1 Nxc4 24. Qf2 $16) (22... Nf7 $17 23. Rcf1 Nxh6 24. Rxf6 (24. Nxf6+ Nxf6 25. Qxh6 Nd7 $17) 24... Ng4 25. Qg5+ Kh8 26. Qxg4 Nxf6) 23. Nf4 (23. Rcf1 Ng6 24. Ng3 Nde5 $17) 23... Nxc4 24. Qf2 $11 Qe3 25. Qf1 {[%emt 0:00:00] Black must now prevent Rg5+.} Nd2 26. Qd1 {[%emt 0:00:00][%mdl 1024] Qg4+ would kill now. White has compensation.} Nf6 {[%emt 0:00:00] Inhibits Qg4+.} 27. Rg5+ Kf7 {[%emt 0:00:00] And now ...Rac8 would win.} 28. Ne6 (28. Rg3 $2 Qf2 29. Nh3 (29. Rc7+ $2 Re7 $19) 29... Nde4 $1 30. Rc7+ Re7 $19) ({Better is} 28. Nh5 $1 $14 Qf2 29. Nxf6 (29. Rc7+ $2 Re7 $19) 29... Kxf6 30. Rg4) 28... Qd3 {[%emt 0:00:00] [#]} (28... Rxe6 29. dxe6+ Kxe6 30. Rg6 $3 $16 (30. Rd5 Qxh6 31. Rxd2 Qf4 $11)) (28... Qf2 $1 $11 {keeps the balance.} 29. Bg7 (29. Rc7+ Re7 $17) 29... Nde4 30. Bxf6 (30. Rc7+ Kg8 $15) 30... Kxf6) 29. Rg3 {[%emt 0:00:00] White is more active.} ({Not} 29. Rc7+ Re7 30. Rc2 Qf1+ 31. Qxf1 Nxf1 $17) (29. Bg7 $1 $16 Nde4 30. Qxd3 (30. Rc7+ Re7 $11) 30... Nf2+ 31. Kg1 Nxd3 32. Rf1) 29... Qxd5 {[%emt 0:00:00] Strongly threatening ...Nde4.} 30. Nc7 $36 {[%emt 0:00:00][%mdl 2048] White has good play. Chess con chili.} Qxa2 31. Bxd2 $18 {[%emt 0:05:00] White is clearly winning.} ({Weaker is} 31. Qxd2 Qxd2 32. Bxd2 Ne4 $16) 31... Rac8 32. Nxe8 Rxe8 33. Bc3 {[%emt 0:00:00] Threatening mate with Bxf6.} Rc8 34. Qf3 {[%emt 0:00:00] Weighted Error Value: White=0.22 (precise) /Black=0.18 (very precise)} 1-0

[Event "Charlotte Summer IM D 2022"]
[Site "Charlotte"]
[Date "2022.07.28"]
[Round "7.3"]
[White "Vigorito, David"]
[Black "Martin Del Campo Cardenas, Roberto Abel"]
[Result "1-0"]
[ECO "E62"]
[WhiteElo "2295"]
[BlackElo "2245"]
[Annotator "TA"]
[PlyCount "111"]
[EventDate "2022.07.24"]
[EventType "tourn"]
[EventCountry "USA"]
[SourceTitle "playchess.com"]
[Source "ChessBase"]
[SourceQuality "1"]
[TimeControl "5400+30"]

1. Nf3 Nf6 2. c4 g6 3. g3 Bg7 4. Bg2 O-O 5. d4 d6 6. Nc3 c6 7. e4 Qa5 8. O-O Bg4 9. h3 Bxf3 {[%emt 0:00:10] E62: King's Indian: Fianchetto: 6...c6 and Panno Variation (6...Nc6) without ...a6.} 10. Bxf3 a6 11. Rb1 c5 (11... e5 $14) 12. e5 $18 {[%emt 0:07:32] [#]} Ne8 $146 (12... Nfd7 $142) ({Predecessor:} 12... dxe5 13. dxe5 Nfd7 14. e6 fxe6 15. Bxb7 Ra7 16. Bg2 Ne5 17. Qc2 Kh8 18. Bd2 Qd8 {½-½ (35) Hristov,P (1973)-Todorov,O (2331) Teteven 2009}) 13. dxc5 (13. Bxb7 $6 Ra7 $16) 13... dxc5 14. Qb3 $2 ({Resist} 14. Bxb7 $6 Ra7) (14. Bg5 $18) 14... Ra7 ({Black should play} 14... Nd7 $1 $14) 15. Bf4 {[%emt 0:10:17] White is much more active.} Nc6 (15... Nc7 $16 {was called for.}) 16. Bxc6 bxc6 17. Qa4 Qb6 18. Qc2 Rd7 (18... Qb8 $16) 19. Na4 $1 Qa5 20. Rbd1 Rd4 21. a3 {[%emt 0:04:19][%cal Ob2b4] Threatens to win with b4!} Rxf4 22. gxf4 Nc7 23. Nc3 Ne6 24. Ne2 Rb8 (24... Qc7 $16 25. Rfe1 Qc8) 25. Rd7 Bh6 $2 (25... Qb6 {is a better defense.} 26. Rb1 (26. Rxe7 Qxb2 27. Re8+ Bf8 $16) 26... Rb7 27. Rxb7 Qxb7) 26. f5 Nd4 27. Nxd4 cxd4 28. c5 Rb5 (28... Qd2 $142 29. Qxd2 Bxd2) 29. Rxd4 Rxc5 30. b4 Rxc2 31. bxa5 {[%emt 0:00:05] And now f6 would win.} gxf5 {[%emt 0:00:00][%mdl 4096] Endgame KRR-KRB} 32. Rb1 {[%emt 0:00:13] Rb6 is the strong threat.} Rc5 $2 (32... Bd2 {might work better.} 33. Rd7 Bg5) 33. Rb6 (33. Kh1 $142 {White threatens Rg1+ and mate.} f6 34. exf6) 33... Rxa5 34. Rxc6 Kg7 35. a4 f4 (35... Rxe5 $16 36. Rxa6 Bg5) 36. Kg2 Rxe5 37. Rxa6 {[%emt 0:02:42] aiming for a5.} Rg5+ 38. Kf3 (38. Kh2 $142) 38... Rh5 39. Kg2 $2 (39. Re4) 39... Rg5+ $1 40. Kf1 Rh5 $2 (40... Rc5 {keeps fighting.} 41. h4 f6) 41. a5 Rxh3 {[%emt 0:00:00] [#]} 42. Ra4 {Inhibits Ra3.} e5 {[%emt 0:00:00] [#]} 43. Rxh6 $1 {[%emt 0:02:48][%mdl 576] Clearance} Rxh6 {[%emt 0:00:00] KR-KR} 44. a6 {White wants to mate with a7.} f3 45. Kg1 Rg6+ {[%emt 0:00:00] [#]} 46. Kh2 $1 {[%emt 0:01:23] a7 would kill now.} ({Weaker is} 46. Kf1 Rb6 47. Ke1 Rb8 $11) 46... e4 47. a7 {[%emt 0:00:00] White mates.} e3 48. a8=Q e2 49. Re4 Rg2+ 50. Kh1 Rxf2 51. Qa1+ Kg6 52. Qg1+ Kf5 53. Qg4+ Kf6 54. Qf4+ Kg6 55. Qg3+ Kf5 56. Rf4+ {[%emt 0:00:30] Weighted Error Value: White=0.33/Black=0.73} 1-0

[Event "Charlotte Summer IM D 2022"]
[Site "Charlotte"]
[Date "2022.07.28"]
[Round "7.4"]
[White "Oberoi, Shelev"]
[Black "Chasin, Nico"]
[Result "0-1"]
[ECO "C42"]
[WhiteElo "2259"]
[BlackElo "2285"]
[Annotator "TA"]
[PlyCount "86"]
[EventDate "2022.07.24"]
[EventType "tourn"]
[EventCountry "USA"]
[SourceTitle "playchess.com"]
[Source "ChessBase"]
[SourceQuality "1"]
[TimeControl "5400+30"]

1. e4 e5 2. Nf3 Nf6 3. Nxe5 d6 4. Nf3 Nxe4 5. Nc3 Nxc3 6. dxc3 Be7 7. Be3 Nd7 8. Qd2 {[%emt 0:00:00] C42: Petroff Defence: 3 Nxe5 and unusual White 3rd moves.} O-O 9. O-O-O c6 10. h4 {[%emt 0:00:00] The position is equal.} d5 11. Kb1 Nf6 12. Bd3 Bg4 13. Rde1 {[%emt 0:00:00] [#]} Ne4 $146 ({Predecessor:} 13... c5 14. Ng5 b5 15. f3 Bd7 16. g4 Rc8 17. Bf4 Re8 18. Be5 h6 19. Qf4 Qb6 {1-0 (41) Adams,M (2690)-Sturua,Z (2530) Acqui Terme 2022}) 14. Qc1 Nc5 15. Bxc5 Bxc5 16. Ng5 $1 h6 (16... Bxf2 $2 17. Bxh7+ (17. Ref1 Bc5 $18) 17... Kh8 18. Qf4 (18. Ref1 Bg3 $16) 18... Bxe1 19. Qxg4 $16) 17. f3 ({White should play} 17. Nh7 $1 $16) 17... Bd7 $36 {[%emt 0:00:00][%mdl 2048] White is under pressure.} (17... hxg5 18. hxg5 g6 19. fxg4 $16) 18. Qf4 (18. Bh7+ $15 {was preferrable.} Kh8 19. Bd3) 18... Qb8 $1 $17 (18... hxg5 $2 19. hxg5 f5 {[#]} 20. Rh8+ $3 Kf7 21. Bxf5 $1 $18) 19. Qxb8 Raxb8 20. Bh7+ Kh8 {[%emt 0:00:00] Hoping for ...Rfe8.} 21. Bd3 Rbe8 ({Much less strong is} 21... hxg5 22. hxg5+ Kg8 23. Bh7+ Kh8 24. Bf5+ Kg8 25. Bxd7 $14) 22. Nh3 Bd6 23. g4 (23. c4 $17) 23... h5 (23... g6 $19 24. c4 Rxe1+ 25. Rxe1 h5) 24. Bf5 (24. Reg1 $17) 24... Bxf5 $19 25. gxf5 Rxe1+ 26. Rxe1 {[%emt 0:00:00][%mdl 4096] Endgame KRB-KRN} Bg3 27. Re7 (27. Rg1 $17 {might work better.} Re8 28. a3 Re1+ 29. Rxe1 Bxe1 30. Nf4) 27... Bxh4 28. Rxb7 Re8 29. a4 Re3 30. Rb4 $2 (30. Nf4 Rxf3 31. Nxh5 Rxf5 32. Nxg7 Kxg7 33. Rxa7) 30... Bf6 31. Nf4 h4 32. Nh5 Be7 33. Rf4 h3 34. f6 h2 $2 (34... g5 35. Rf5 h2) 35. Ng3 $2 (35. Rh4 Re1+ 36. Ka2) 35... Bxf6 {[%emt 0:00:00] Black is clearly winning.} 36. Rf5 Re1+ 37. Ka2 h1=Q 38. Nxh1 Rxh1 {[%emt 0:00:00] KRB-KR} 39. c4 Rh2 40. Kb1 Rd2 41. cxd5 Rxd5 42. Rxd5 cxd5 43. b4 Bc3 {[%emt 0:00:00] Weighted Error Value: White=0.85/Black=0.44} 0-1

[Event "Charlotte Summer IM D 2022"]
[Site "Charlotte"]
[Date "2022.07.28"]
[Round "8.1"]
[White "Bacus, Dharim"]
[Black "Wen, Teddie"]
[Result "1/2-1/2"]
[ECO "B76"]
[WhiteElo "2227"]
[BlackElo "2234"]
[Annotator "TA"]
[PlyCount "45"]
[EventDate "2022.07.24"]
[EventType "tourn"]
[EventCountry "USA"]
[SourceTitle "playchess.com"]
[Source "ChessBase"]
[SourceQuality "1"]
[TimeControl "5400+30"]

1. e4 c5 2. Nf3 d6 3. d4 cxd4 4. Nxd4 Nf6 5. Nc3 g6 6. Be3 Bg7 7. f3 O-O 8. Qd2 Nc6 9. g4 Be6 10. Nxe6 fxe6 11. Bc4 Qc8 12. Bb3 Na5 13. O-O-O Nc4 {[%emt 0:00:51] [#] B76: Sicilian Dragon: Yugoslav Attack, 9 g4 and 9 0-0-0.} (13... Nxb3+ $15 {keeps the upper hand.} 14. axb3 Nd7) 14. Bxc4 (14. Qd3 $1 $16 Na5 15. Ne2) 14... Qxc4 $11 15. Bh6 (15. Qd3 $11 Rac8 16. Rhf1) 15... Bxh6 $1 $15 {[%emt 0:10:27] Black is slightly better.} 16. Qxh6 b5 {[%emt 0:00:02][%cal Bb7b5,Bb5b4][%mdl 32] [#] Strongly threatening ...b4.} 17. h4 $146 ({White should play} 17. Qg5 $15) ({Predecessor:} 17. Kb1 b4 18. Na4 Qe2 19. Rd3 Nd7 20. Qe3 Qxe3 21. Rxe3 Ne5 22. Rb3 a5 23. a3 Nxf3 {0-1 (31) Manashvili,A (2215)-Supatashvili,K (2461) Tbilisi 2010}) 17... b4 $17 18. Nb1 Rac8 {[%emt 0:04:31][%csl Gc8][%cal Rc4c2] [#]} (18... Qxa2 19. h5 b3 20. c3 $16) 19. Rh2 Rc5 $40 {[%emt 0:02:28][%mdl 128] Black goes for the king.} ({Stronger than} 19... Qxa2 20. h5 b3 21. hxg6 bxc2 22. Rxc2 (22. gxh7+ $2 Kh8 $19) 22... Rxc2+ 23. Kxc2 $11) 20. b3 Qa6 21. Qd2 (21. Kb2 $17 {was called for.}) 21... Qxa2 $19 22. Qxb4 Rfc8 23. Rdd2 {[%emt 0:00:30] Weighted Error Value: White=0.53/Black=0.28 (precise)} 1/2-1/2

[Event "Charlotte Summer IM D 2022"]
[Site "Charlotte"]
[Date "2022.07.28"]
[Round "8.2"]
[White "Chasin, Nico"]
[Black "Leyva Rivera, Yunier"]
[Result "1/2-1/2"]
[ECO "D37"]
[WhiteElo "2285"]
[BlackElo "2379"]
[Annotator "TA"]
[PlyCount "58"]
[EventDate "2022.07.24"]
[EventType "tourn"]
[EventCountry "USA"]
[SourceTitle "playchess.com"]
[Source "ChessBase"]
[SourceQuality "1"]
[TimeControl "5400+30"]

1. d4 Nf6 2. c4 e6 3. Nf3 d5 4. Nc3 Be7 5. Bf4 O-O 6. e3 b6 7. Be2 Bb7 8. O-O c5 9. dxc5 {[%emt 0:00:00] D37: Queen's Gambit Declined: 5 Bf4.} bxc5 10. Qb3 Qb6 11. Nb5 {[%emt 0:00:00] And now Nc7 would win. White is slightly better.} Na6 {[%emt 0:00:00] [#] Prevents Nc7.} 12. Ne5 $146 ({Predecessor:} 12. a3 dxc4 13. Bxc4 Bd5 14. Rfd1 Rac8 15. Qa4 Bxc4 16. Qxc4 Rfd8 17. h3 h6 18. Bh2 {½-½ (48) Almeida,F (1800)-Haraguchi,M (1677) Araruama 2021}) 12... Rad8 13. Rfd1 Nd7 14. Nxd7 Rxd7 15. Nc3 (15. cxd5 $11 exd5 16. Na3) 15... d4 $15 16. Qxb6 axb6 17. Na4 Bc6 18. b3 ({Don't play} 18. Nxb6 Rb7 19. Nd5 exd5 $17) 18... Bf6 {[%emt 0:00:00][%cal Od4d3] [#] aiming for ...d3!} 19. exd4 Bxd4 ({Reject} 19... Rxd4 20. Be3 $11) 20. Rab1 Rb7 21. a3 e5 22. Bd2 Rd8 23. Nc3 Rbd7 24. Be1 Nc7 25. b4 f5 26. Kf1 g6 27. bxc5 Bxc5 {[%emt 0:00:00] Black is slightly better.} 28. Rxd7 Rxd7 29. a4 Kf7 {[%emt 0:01:23] Weighted Error Value: White=0.09 (flawless) /Black=0.07 (flawless)} 1/2-1/2

[Event "Charlotte Summer IM D 2022"]
[Site "Charlotte"]
[Date "2022.07.28"]
[Round "8.3"]
[White "Martin Del Campo Cardenas, Roberto Abel"]
[Black "Oberoi, Shelev"]
[Result "1/2-1/2"]
[ECO "B83"]
[WhiteElo "2245"]
[BlackElo "2259"]
[Annotator "TA"]
[PlyCount "88"]
[EventDate "2022.07.24"]
[EventType "tourn"]
[EventCountry "USA"]
[SourceTitle "playchess.com"]
[Source "ChessBase"]
[SourceQuality "1"]
[TimeControl "5400+30"]

1. e4 c5 2. Nf3 e6 3. d4 cxd4 4. Nxd4 Nc6 5. Nc3 Nf6 6. a3 d6 7. Be3 Be7 8. Be2 O-O 9. O-O e5 {[%emt 0:00:00] B83: Sicilian Scheveningen: 6 Be2, lines without ...a6.} 10. Nb3 Be6 11. f4 exf4 {[%emt 0:00:30] Black has an edge.} (11... d5 {looks sharper.} 12. f5 d4 13. fxe6 fxe6 14. Bc4 Kh8) 12. Rxf4 d5 13. exd5 (13. Rxf6 $5 Bxf6 14. exd5 Bxc3 15. dxc6 Bxb3 16. cxb7 Qxd1+ 17. Bxd1 $11) 13... Nxd5 14. Nxd5 {[%emt 0:00:05] [#]} Qxd5 $146 ({Predecessor:} 14... Bxd5 15. c4 Be6 16. Qxd8 Rfxd8 17. Rff1 Ne5 18. Rac1 Rac8 19. Bxa7 Nxc4 20. Nd4 Bd5 21. Rf5 Nd6 22. Rff1 Nc4 23. Rf5 Nd6 24. Rff1 Nc4 {½-½ (24) Lallemand,R (2301)-Ptacnikova,L (2224) Bled 2002}) 15. Qxd5 Bxd5 16. c4 Be6 17. Nc5 Bxc5 18. Bxc5 Rfd8 19. Rd1 {[%emt 0:10:42] Inhibits Rd2.} Rxd1+ 20. Bxd1 Rd8 21. Ba4 Ne5 22. Rd4 ({Not} 22. Bxa7 $2 Ra8 23. Bc5 Rxa4 $19) (22. b3 $5 ) 22... Rxd4 23. Bxd4 Nxc4 24. Bxa7 Nxb2 $15 {[%emt 0:01:30][%mdl 4096] Endgame KBB-KBN} 25. Bb5 f5 26. Bd4 Nc4 27. Bxc4 Bxc4 $11 {[%emt 0:00:00] KB-KB} 28. h4 Kf7 29. Kf2 Kg6 30. Ke3 Bd5 31. g3 Kf7 32. Kf4 Be6 33. Bb2 Bd7 34. Bc3 g6 35. Kg5 Ba4 36. h5 Bc2 37. hxg6+ hxg6 38. g4 Ke6 39. gxf5+ {[%emt 0:00:00] The position is equal.} gxf5 40. Kf4 Kd5 41. Bb4 Kd4 42. Bf8 Kc4 43. Be7 Kb5 44. Bf8 Ka4 {[%emt 0:00:00] Weighted Error Value: White=0.06 (flawless) /Black=0.04 (flawless)} 1/2-1/2

[Event "Charlotte Summer IM D 2022"]
[Site "Charlotte"]
[Date "2022.07.28"]
[Round "8.4"]
[White "Canty, James"]
[Black "Vigorito, David"]
[Result "1/2-1/2"]
[WhiteElo "2175"]
[BlackElo "2295"]
[Annotator "TA"]
[PlyCount "18"]
[EventDate "2022.07.24"]
[EventType "tourn"]
[EventCountry "USA"]
[SourceTitle "playchess.com"]
[Source "ChessBase"]
[SourceQuality "1"]
[TimeControl "5400+30"]

1. d4 d5 2. Nc3 Nf6 3. Bf4 e6 4. e3 Bb4 5. Bd3 c5 6. dxc5 {[%emt 0:00:07] D00: 1 d4 d5: Unusual lines.} Nbd7 7. Nge2 a6 8. a3 Bxc5 9. Bg3 {[%emt 0:03:47] [#]} e5 $146 {[%emt 1:26:08] A rather calm draw.  Weighted Error Value: White=0.04 (flawless) /Black=0.00 (flawless)} (9... b5 $15 {stays ahead.}) ({Predecessor:} 9... b5 10. O-O Nh5 11. b4 Nxg3 12. hxg3 Be7 13. a4 Qc7 14. axb5 Bxb4 15. Na2 Be7 {0-1 (40) Andersen,J (2303)-Krauss,H (2313) ICCF email 2016}) 1/2-1/2

[Event "Charlotte Summer IM D 2022"]
[Site "Charlotte"]
[Date "2022.07.28"]
[Round "8.5"]
[White "Bisiriyu-Salam, Oluwaseun"]
[Black "Levine, Joseph"]
[Result "0-1"]
[ECO "D73"]
[WhiteElo "1992"]
[BlackElo "2294"]
[Annotator "TA"]
[PlyCount "82"]
[EventDate "2022.07.24"]
[EventType "tourn"]
[EventCountry "USA"]
[SourceTitle "playchess.com"]
[Source "ChessBase"]
[SourceQuality "1"]
[TimeControl "5400+30"]

1. d4 d5 2. Nf3 Nf6 3. g3 g6 4. Bg2 Bg7 5. c4 dxc4 6. Qa4+ Nbd7 7. O-O O-O 8. Qxc4 Nb6 {[%emt 0:10:00] D73: Fianchetto Grünfeld: 5 Nf3 .} 9. Qb3 Be6 10. Qd1 Ne4 {[%emt 0:02:23] [#] The position is equal.} 11. Ne5 $146 (11. Qc2 $5 f5 12. Rd1 $11) ({Predecessor:} 11. Nbd2 Bd5 12. Qc2 Nxd2 13. Bxd2 Bxf3 14. Bxf3 Qxd4 15. Bc3 Qc4 16. Bxb7 Rab8 17. Be4 Bxc3 18. bxc3 {0-1 (70) Javakhadze,Z (2449)-Swiercz,D (2649) Burlingame 2019}) 11... Bxe5 12. Bxe4 (12. dxe5 $11 Qxd1 13. Rxd1) 12... Bxd4 13. Bxb7 Rb8 14. Bg2 Nc4 15. Nc3 Nxb2 {[%emt 0:00:00] Black is more active.} 16. Qc2 {[%emt 0:00:40] [#]} Na4 $36 {[%emt 0:00:00][%mdl 2048] Black has good play.} 17. Qxa4 Bxc3 18. Bh6 {[%emt 0:00:22] Hoping for Rad1.} Bxa1 19. Bxf8 ({White should try} 19. Rxa1 Qd7 20. Bc6) 19... Qd4 ({Weaker is} 19... Kxf8 20. Rxa1 Rb2 21. Qxa7) 20. Qxd4 Bxd4 21. Bxe7 Bxa2 22. Rd1 Rb1 23. Rxb1 Bxb1 $17 {[%emt 0:00:00][%mdl 4096] Endgame KBB-KBB} 24. Bc6 f5 25. Bd5+ Kg7 26. e3 {[%emt 0:00:21] [#]} (26. Bb4 $17) 26... Bc3 $1 $19 27. Bc5 a5 28. f3 Kf6 29. Kf2 Bc2 30. Ke2 g5 31. h3 a4 32. f4 $2 (32. Ba3) 32... Bb2 33. Kd2 {[%emt 0:02:02] [#]} Bb1 (33... Bb3 $1 $19 34. Bxb3 axb3 35. fxg5+ Kxg5 36. Be7+ Bf6) 34. Bd4+ $2 (34. Bb4 $17) 34... Bxd4 {[%emt 0:00:00] Black is clearly winning.} 35. exd4 {[%emt 0:00:11] KB-KB} a3 {[%emt 0:00:00] White must now prevent ...gxf4.} 36. Kc3 gxf4 (36... a2 37. Kb2 $19) 37. gxf4 Ke7 38. Kb3 Kd6 39. Bg8 a2 40. Kb2 h6 {[%emt 0:00:00] ( -> ...c5)} 41. h4 c5 {[%emt 0:00:00] Weighted Error Value: White=0.95/Black=0.27 (precise)} 0-1